[Event "Late-Titled-Tuesday-Blitz-April-23-2024"]
[Site "Chess.com"]
[Date "2024.04.23"]
[Round "9"]
[White "N_I_Chess"]
[Black "JG-17"]
[Result "0-1"]
[WhiteElo "2392"]
[BlackElo "2556"]
[TimeControl "180+1"]
[EndTime "15:45:56 PDT"]
[Termination "JG-17 won on time"]

1. d4 d5 2. c4 e6 3. Nc3 c6 4. Nf3 Nf6 5. e3 Nbd7 6. Qc2 Bd6 7. b3 O-O 8. Bd3 e5 9. dxe5 Nxe5 10. Nxe5 Bxe5 11. Bb2 h6 12. cxd5 Nxd5 13. Nxd5 Bxb2 14. Qxb2 Qxd5 15. Bc4 Qa5+ 16. Qd2 Qxd2+ 17. Kxd2 Rd8+ 18. Ke2 Bf5 19. Rhd1 Kf8 20. Bd3 Be6 21. Rac1 Ke7 22.
Rc5 Rd5 23. Rdc1 a5 24. Rxd5 Bxd5 25. e4 Be6 26. Rb1 Kd6 27. a3 b5 28. Bc2 b4 29. Rd1+ Kc7 30. a4 c5 31. Ke3 Rb8 32.
f4 c4 33. bxc4 Bxc4 34. Rd4 Ba2 35. Kd2 b3 36. Bd3 b2 37. e5 Rd8 38. Rxd8 Kxd8 39.
Ke3 b1=Q 40. Bxb1 Bxb1 41. Kd2 Kc7 0-1

[Event "Late-Titled-Tuesday-Blitz-April-23-2024"]
[Site "Chess.com"]
[Date "2024.04.23"]
[Round "9"]
[White "Horokoskii"]
[Black "Supelyel"]
[Result "1-0"]
[WhiteElo "2201"]
[BlackElo "2390"]
[TimeControl "180+1"]
[EndTime "15:45:57 PDT"]
[Termination "Horokoskii won by resignation"]

1. c4 d6 2. Nc3 e5 3. d4 Nd7 4. dxe5 dxe5 5. Nf3 Ngf6 6. g3 c6 7. Bg2 Be7 8. O-O O-O 9. Bg5 Qc7 10. Qc2 Re8 11. Ne4 Nxe4 12. Qxe4 Bf8 13. a3 Nc5 14. Qc2 a5 15. Rfd1 a4 16. h4 g6 17. h5 Bf5 18.
Qc3 Bg7 19. Qb4 Nb3 20. Ra2 c5 21. Qe1 Bc2 22. Rd5 Be4 23. Rd1 Bc2 24. Rd5 Nd4 25. Nxd4 exd4 26. b4 axb3 27. Rxc2 bxc2 28. Qd2 Rxe2 29.
Qxe2 Qa5 30. Qxc2 Qxa3 31. h6 Bf8 32. Qe2 d3 33. Qe5 Qa1+ 34. Qxa1 Rxa1+ 35. Kh2 b5 36. Rxd3 bxc4 37. Rd8 f6 38. Bxf6 Kf7 39. Bxa1 1-0

[Event "Late-Titled-Tuesday-Blitz-April-23-2024"]
[Site "Chess.com"]
[Date "2024.04.23"]
[Round "9"]
[White "GelmanAlexander"]
[Black "Lennis93"]
[Result "1-0"]
[WhiteElo "2644"]
[BlackElo "2750"]
[TimeControl "180+1"]
[EndTime "15:45:59 PDT"]
[Termination "GelmanAlexander won by checkmate"]

1. d4 Nf6 2. Nc3 d5 3. Bf4 a6 4. e3 c5 5. Nf3 cxd4 6. exd4 Nc6 7. Ne5 Bf5 8. g4 Bd7 9. g5 Ne4 10. Nxe4 dxe4 11. Bg2 Nxe5 12. Bxe5 Bc6 13. c3 e6 14. h4 h6 15. Qg4 hxg5 16. hxg5 Rxh1+ 17. Bxh1 Qd5 18. Kf1 a5 19. Kg1 a4 20. Re1 Qxa2 21. Bxe4 Qxb2 22.
g6 f5 23. Bxf5 Qxc3 24. Qe2 Bb4 25. Rb1 a3 26. d5 Qd2 27. Qxd2 Bxd2 28. dxc6 a2 29.
cxb7 axb1=Q+ 30. Bxb1 Rd8 31. b8=Q Rxb8 32. Bxb8 Bc3 33. f4 Ke7 34. Kg2 Kf6 35. Kf3 Ba1 36. Be4 Bd4 37. Bc7 Bc3 38. Bd8# 1-0

[Event "Late-Titled-Tuesday-Blitz-April-23-2024"]
[Site "Chess.com"]
[Date "2024.04.23"]
[Round "9"]
[White "Naruna_Chan"]
[Black "kai_nov"]
[Result "0-1"]
[WhiteElo "2408"]
[BlackElo "2287"]
[TimeControl "180+1"]
[EndTime "15:46:00 PDT"]
[Termination "kai_nov won by resignation"]

1. e4 c5 2. c3 Nf6 3. e5 Nd5 4. Bc4 Nb6 5. Bb3 d5 6. d4 cxd4 7. cxd4 Bf5 8. Nf3 e6 9. O-O Nc6 10. h3 Be7 11. Nc3 O-O 12. Bc2 Bxc2 13. Qxc2 Rc8 14.
Qe2 Nd7 15. Rd1 a6 16. Be3 b5 17. Qd2 Na5 18. Rac1 Nc4 19. Qe2 b4 20. Nb1 Qa5 21.
b3 Nxe3 22. fxe3 f6 23. Qb2 fxe5 24. dxe5 Nc5 25. Nd4 Qb6 26. Kh1 Ne4 27. Rf1 Ng3+ 28. Kg1 Nxf1 29. Rxf1 Rxf1+ 30. Kxf1 Bc5 31. Nd2 Bxd4 32.
exd4 Qb5+ 33. Kg1 Qe2 34. Kh2 Rc3 35. a3 Rd3 36. Nc4 Qxb2 37. Nxb2 Rxb3 38. Na4 bxa3 0-1

[Event "Late-Titled-Tuesday-Blitz-April-23-2024"]
[Site "Chess.com"]
[Date "2024.04.23"]
[Round "9"]
[White "dropstoneDP"]
[Black "Skatchkov_V"]
[Result "1-0"]
[WhiteElo "2997"]
[BlackElo "2671"]
[TimeControl "180+1"]
[EndTime "15:46:03 PDT"]
[Termination "dropstoneDP won by resignation"]

1. e4 e5 2. Nf3 Nf6 3. Nxe5 d6 4.
Nf3 Nxe4 5. Nc3 Nxc3 6. dxc3 Be7 7. Be3 O-O 8. Qd2 Nd7 9. O-O-O Nf6 10. Bd3 c5 11.
Kb1 b5 12. Rhe1 d5 13. Bg5 Be6 14. Qf4 Re8 15. Bxb5 Rf8 16. Ne5 Nh5 17. Bxe7 Qxe7 18. Qf3 Nf6 19. c4 d4 20. g4 Rab8 21. g5 Ne8 22. Nc6 Qb7 23. Ne5 Qxf3 24. Nxf3 Nd6 25. b3 Bg4 26. Bc6 Nxc4 27. Kc1 Rbc8 28. bxc4 Rxc6 29. Ne5 Bxd1 30. Nxc6 Bg4 31. Re5 f6 32. Rxc5 fxg5 33. Rxg5 Be6 34. c5 Rxf2 35. Nxd4 Bc8 36. Rd5 Kf7 37. Rd8 Bh3 38. c6 Rf6 39. c7 1-0

[Event "Late-Titled-Tuesday-Blitz-April-23-2024"]
[Site "Chess.com"]
[Date "2024.04.23"]
[Round "9"]
[White "egnfanclub"]
[Black "cthake"]
[Result "1-0"]
[WhiteElo "2370"]
[BlackElo "1887"]
[TimeControl "180+1"]
[EndTime "15:46:05 PDT"]
[Termination "egnfanclub won by resignation"]

1. e4 c5 2. Nc3 Nc6 3. f4 a6 4. Nf3 b5 5. g3 b4 6. Ne2 e6 7. Bg2 Bb7 8. d3 d6 9. O-O g6 10. c3 a5 11. e5 d5 12. Be3 d4 13. cxd4 Nxd4 14. Nfxd4 Bxg2 15. Kxg2 cxd4 16. Qa4+ Qd7 17. Qxd7+ Kxd7 18. Bxd4 Ne7 19. Bf2 Nd5 20. Nd4 Be7 21.
Rac1 Rhc8 22. Kf3 h5 23. Ke4 a4 24. Nf3 b3 25. a3 Rc2 26. Rxc2 bxc2 27. Rc1 Rc8 28.
Ne1 f5+ 29. Kf3 g5 30. Rxc2 Rxc2 31. Nxc2 g4+ 32. Ke2 Kc6 33. Nd4+ Kd7 34. Nb5 Kc6 35.
Nd4+ Kd7 36. Kd2 Bc5 37. Ke2 h4 38. Nb5 hxg3 39. hxg3 Be7 40. Bd4 Kc6 41. Nc3 Nb6 42. Ke3 Nd5+ 43. Kd2 Nc7 44. Nxa4 Kb5 45. Nc3+ Kc6 46.
b4 Nb5 47. Nxb5 Kxb5 48. Kc3 Ka4 49. Bc5 Bd8 50. Kc4 Kxa3 51. d4 Ka4 52. d5 exd5+ 53. Kxd5 Kb5 54. e6 Bf6 55. e7 Bxe7 56. Bxe7 Kb6 57.
Ke6 Kc7 58. Kxf5 Kd7 59. Bc5 Kc6 60. Kxg4 Kd5 61. f5 Kc6 62. Kg5 Kb5 63. f6 1-0

[Event "Late-Titled-Tuesday-Blitz-April-23-2024"]
[Site "Chess.com"]
[Date "2024.04.23"]
[Round "9"]
[White "GMBenjaminBok"]
[Black "topotun"]
[Result "0-1"]
[WhiteElo "3028"]
[BlackElo "2884"]
[TimeControl "180+1"]
[EndTime "15:46:07 PDT"]
[Termination "topotun won on time"]

1. d4 Nf6 2. c4 c5 3. Nf3 cxd4 4.
Nxd4 Nc6 5. Nc3 g6 6. g3 d6 7. Bg2 Bd7 8. O-O Bg7 9. b3 h5 10.
h4 Ng4 11. e3 O-O 12. Bb2 Rb8 13. Nd5 Nge5 14. Rc1 a6 15. Qe2 e6 16. Nf4 Qa5 17. Rfd1 Rfd8 18. Bc3 Qc5 19. Qb2 Qb6 20. Qa1 Rbc8 21.
Bb2 Ne7 22. Rd2 Ng4 23. Rcd1 e5 24. Nde2 Nf5 25. Nd5 Qc5 26. Nec3 Be6 27. Ne4 Qa7 28. Re1 b5 29. cxb5 axb5 30. Bf3 b4 31. Bxg4 hxg4 32. Ndf6+ Kf8 33. Nxg4 Qb7 34. Ngf6 Ke7 0-1

[Event "Late-Titled-Tuesday-Blitz-April-23-2024"]
[Site "Chess.com"]
[Date "2024.04.23"]
[Round "9"]
[White "Nimrod_Veinberg"]
[Black "Ajedrez_con_German"]
[Result "1-0"]
[WhiteElo "2818"]
[BlackElo "2645"]
[TimeControl "180+1"]
[EndTime "15:46:10 PDT"]
[Termination "Nimrod_Veinberg won on time"]

1. e4 a6 2. d4 e6 3. Nf3 d5 4.
exd5 exd5 5. Bd3 c5 6. dxc5 Bxc5 7. O-O Ne7 8. Nbd2 O-O 9. Nb3 Bb6 10. h3 Qd6 11. Re1 Nbc6 12. Be3 Bxe3 13. Rxe3 Nf5 14.
Re1 Bd7 15. c3 Rfe8 16. Qc2 g6 17. Rad1 Ne5 18. Nxe5 Rxe5 19. Rxe5 Qxe5 20. Bxf5 Bxf5 21. Qd2 Rd8 22. Re1 Qd6 23. Nd4 Bd7 24. Qg5 Re8 25.
Rxe8+ Bxe8 26. Qe3 Bd7 27. Nb3 Qe6 28. Qxe6 fxe6 29. f4 Kf7 30. Nc5 Bc8 31. Kf2 Kf6 32.
Nd3 h6 33. Ke3 g5 34. g4 Bd7 35. Ne5 Be8 36. Nf3 Bg6 37. h4 gxh4 38. Nxh4 Be4 39. c4 b6 40. a3 Kf7 41. g5 h5 42. Kd4 Ke7 43. cxd5 exd5 44. Ke5 Kf7 45. f5 Kg7 46. f6+ Kf7 47. g6+ Bxg6 48. Nxg6 Kxg6 49.
Ke6 1-0

[Event "Late-Titled-Tuesday-Blitz-April-23-2024"]
[Site "Chess.com"]
[Date "2024.04.23"]
[Round "9"]
[White "ferrufino64"]
[Black "kalinchick"]
[Result "1-0"]
[WhiteElo "2310"]
[BlackElo "2424"]
[TimeControl "180+1"]
[EndTime "15:46:11 PDT"]
[Termination "ferrufino64 won by resignation"]

1. e4 e6 2. d4 d5 3. Nd2 c5 4. exd5 Qxd5 5. Ngf3 cxd4 6. Bc4 Qd6 7. Nb3 Nc6 8. O-O Nf6 9. Nbxd4 Nxd4 10. Qxd4 Qxd4 11.
Nxd4 Bc5 12. Nb3 Bb6 13. a4 a5 14. Bg5 Ke7 15. Rfd1 Bd7 16. Kf1 Rhd8 17. f3 Be8 18. Rxd8 Rxd8 19. Ke2 h6 20. Bd2 Ra8 21. Bc3 g6 22. Nd4 Nd7 23. Nb5 Nc5 24. b3 Rd8 25. h4 Bc6 26. g4 Bd5 27. Bxd5 Rxd5 28. b4 axb4 29. Bxb4 Ke8 30. c4 Re5+ 31. Kf1 Re3 32. Kg2 Nd3 33. Bd6 h5 34. gxh5 gxh5 35. a5 Bd8 36. Bg3 Ne5 37. Nd6+ Kd7 38. Nxb7 Bc7 39. a6 Nc6 40. Nc5+ Kc8 41. Bxc7 Kxc7 42. a7 Nxa7 43.
Rxa7+ Kd6 44. Ne4+ Ke5 45. Rxf7 Re2+ 46. Kg3 Rc2 47.
c5 Kd5 48. Rh7 e5 49. Rxh5 Rc1 50. Rg5 Rg1+ 51. Kh3 Rh1+ 52. Kg4 Kd4 53. h5 Rg1+ 54. Kf5 Rf1 55. Rg3 Rh1 56. Kg6 Ke3 57. h6 Kf4 58.
h7 Rh2 59. Kg7 1-0

[Event "Late-Titled-Tuesday-Blitz-April-23-2024"]
[Site "Chess.com"]
[Date "2024.04.23"]
[Round "9"]
[White "Hamisandwich"]
[Black "Fandorine"]
[Result "1-0"]
[WhiteElo "2770"]
[BlackElo "2928"]
[TimeControl "180+1"]
[EndTime "15:46:12 PDT"]
[Termination "Hamisandwich won on time"]

1. e4 c5 2. a4 g6 3. f4 Bg7 4. Nf3 d6 5. Bb5+ Bd7 6. O-O Nc6 7. d3 Nf6 8. Qe2 O-O 9. Nbd2 a6 10. Bxc6 Bxc6 11.
a5 b5 12. axb6 Qxb6 13. Nc4 Qc7 14. Bd2 d5 15. exd5 Bxd5 16. Nfe5 Qb7 17. Ra5 Nd7 18. Nxd7 Qxd7 19. Nb6 Qb7 20. Nxa8 Rxa8 21. Bc3 Qb6 22. Rfa1 Bxc3 23. bxc3 c4+ 24. Qf2 Qb2 25. Qd4 Be6 26. R5a2 Qb5 27. Ra5 Qb2 28. Re1 Qxc2 29. dxc4 Rc8 30.
c5 Qb2 31. Rxa6 Qb7 32. Rb6 Qc7 33. c6 Rd8 34. Qe3 Rd6 35. Qc5 Rd8 36. Rb4 Rc8 37. Rd1 1-0

[Event "Late-Titled-Tuesday-Blitz-April-23-2024"]
[Site "Chess.com"]
[Date "2024.04.23"]
[Round "9"]
[White "zacachess"]
[Black "DeArron_Fox"]
[Result "1-0"]
[WhiteElo "2328"]
[BlackElo "2464"]
[TimeControl "180+1"]
[EndTime "15:46:13 PDT"]
[Termination "zacachess won by resignation"]

1. e4 c5 2. Nf3 e6 3. d4 cxd4 4.
Nxd4 a6 5. Nc3 b5 6. g3 Bb7 7.
Bg2 Nf6 8. a3 Qc7 9. O-O Nc6 10.
Nb3 d6 11. f4 Be7 12. Be3 O-O 13. Qe2 Rfd8 14. Rad1 Na5 15. Nxa5 Qxa5 16. Bd2 Qc7 17. g4 Qc4 18. Qxc4 bxc4 19. g5 Nd7 20. Be3 Bc6 21.
Bd4 Rab8 22. Ne2 e5 23. fxe5 dxe5 24. Bc3 Bxg5 25. Rd6 Be3+ 26. Kh1 Ba8 27. Rfd1 Bd4 28. Nxd4 exd4 29. R6xd4 Rb7 30. Bh3 Rc7 31. Rxd7 Bxe4+ 32. Kg1 Rcxd7 33. Rxd7 Re8 34. Ba5 Bxc2 35. Rd8 Rxd8 36.
Bxd8 f6 37. Be6+ Kf8 38. Bxc4 Bd3 39. Bxd3 1-0

[Event "Late-Titled-Tuesday-Blitz-April-23-2024"]
[Site "Chess.com"]
[Date "2024.04.23"]
[Round "9"]
[White "ricaurtelopezj1955"]
[Black "realburq"]
[Result "0-1"]
[WhiteElo "2183"]
[BlackElo "2374"]
[TimeControl "180+1"]
[EndTime "15:46:13 PDT"]
[Termination "realburq won on time"]

1. e4 e6 2. d4 b6 3. Nc3 Bb7 4. Bd3 Bb4 5. Nf3 d5 6. exd5 Qxd5 7.
O-O Bxc3 8. bxc3 Nf6 9. Ba3 Nbd7 10. Qe2 c5 11. c4 Qd6 12. d5 O-O 13. Rad1 exd5 14. cxd5 Rfe8 15. Qd2 Ne4 16. Bxe4 Rxe4 17. Qd3 Rae8 18. c4 Nf6 19. h3 Bc8 20. Bb2 Bf5 21.
Qc3 Qf4 22. Nd2 Re2 23. Ba1 h5 24. Nf3 Be4 25. Nh2 Bf5 26. Qg3 Qh6 27. Nf3 Bd7 28.
Qc7 Qg6 29. Ne5 Qf5 30. Nxd7 Qxd7 31. Qxd7 Nxd7 0-1

[Event "Late-Titled-Tuesday-Blitz-April-23-2024"]
[Site "Chess.com"]
[Date "2024.04.23"]
[Round "9"]
[White "jaramsdal"]
[Black "gorgeous1083"]
[Result "0-1"]
[WhiteElo "2223"]
[BlackElo "2104"]
[TimeControl "180+1"]
[EndTime "15:46:13 PDT"]
[Termination "gorgeous1083 won on time"]

1. e4 e5 2. Nf3 Nc6 3. Bc4 Bc5 4. d3 Nf6 5. c3 d6 6. O-O h6 7. a4 O-O 8. h3 a5 9. Re1 Qe7 10. Nbd2 Be6 11. Bb5 Rac8 12. Nf1 Na7 13. Bc4 Bxc4 14.
dxc4 Nc6 15. Ng3 Qe8 16. Nh4 Ne7 17. Nhf5 Kh7 18. Qf3 Nfg8 19. Nxg7 Kxg7 20. Nh5+ Kh7 21. Qg4 Ng6 22. b4 axb4 23. cxb4 Bd4 24. Ra3 Qe6 25.
Qe2 f5 26. Rg3 f4 27. Rg4 Nf6 28. Nxf6+ Rxf6 29. Kh2 Rcf8 30. f3 Rg8 31. Rd1 Rf7 32. Bb2 Bxb2 33. Qxb2 Qxc4 34. Rc1 Qe6 35. b5 b6 36. Qc3 Rgg7 37. a5 bxa5 38. Qxa5 Qb3 0-1

[Event "Late-Titled-Tuesday-Blitz-April-23-2024"]
[Site "Chess.com"]
[Date "2024.04.23"]
[Round "9"]
[White "Navyblue1"]
[Black "martinmena"]
[Result "1/2-1/2"]
[WhiteElo "2266"]
[BlackElo "2162"]
[TimeControl "180+1"]
[EndTime "15:46:14 PDT"]
[Termination "Game drawn by repetition"]

1. d4 d5 2. c4 e6 3. Nc3 Nf6 4.
cxd5 exd5 5. Bg5 Be7 6. Qc2 O-O 7. e3 Nbd7 8. Bd3 c6 9. Nge2 Re8 10. O-O Nf8 11.
f3 g6 12. Bh4 Ne6 13. Bf2 b6 14. Rad1 Bb7 15. e4 dxe4 16. fxe4 Ng4 17. Bc4 Nxf2 18. Rxf2 Bg5 19. Rf3 b5 20. Bxe6 Rxe6 21. a3 Qb6 22. Rdf1 Rf8 23. Kh1 a5 24. Qb3 Ba6 25. Qxe6 fxe6 26.
Rxf8+ Kg7 27. R1f7+ Kh6 28. Rh8 Be3 29. Rhxh7+ Kg5 30. h4+ Kg4 31. Rfg7 g5 32. hxg5 b4 33. Rh3 Bxe2 34.
Nxe2 Bxd4 35. Rg3+ Kh5 36. Rh3+ Kg4 37. Rg3+ Kh5 38.
Rh3+ Kg4 1/2-1/2

[Event "Late-Titled-Tuesday-Blitz-April-23-2024"]
[Site "Chess.com"]
[Date "2024.04.23"]
[Round "9"]
[White "karinachess1"]
[Black "teresin05"]
[Result "1-0"]
[WhiteElo "2581"]
[BlackElo "2329"]
[TimeControl "180+1"]
[EndTime "15:46:15 PDT"]
[Termination "karinachess1 won on time"]

1. c4 c5 2. Nf3 Nc6 3. d4 cxd4 4. Nxd4 Nf6 5. Nc3 e6 6. a3 d5 7. e3 Be7 8. Be2 O-O 9. O-O dxc4 10. Nxc6 bxc6 11. Bxc4 Qxd1 12. Rxd1 Bb7 13. e4 Rfd8 14. Bf4 c5 15. f3 h6 16. Kf2 Kf8 17. Bc7 Rdc8 18.
Be5 Rd8 19. Nb5 Ne8 20. Ke2 Bc6 21. Nc3 Nd6 22. Ba6 f6 23. Bg3 Rab8 24. Rd2 Rb6 25.
Rad1 Rxa6 26. Bxd6 Bxd6 27. Rxd6 Rxd6 28. Rxd6 Ke7 29. Rd2 Rb6 30. Kd1 Rb7 31. Kc2 Rd7 32.
Ne2 Rxd2+ 33. Kxd2 Kd6 34. Nf4 Ke5 35. Ke3 Bb5 36. Nh5 g6 37. f4+ Kd6 38. Nxf6 e5 39. g3 Ke6 40. Ng4 exf4+ 41. gxf4 h5 42. Nf2 Bf1 43.
h4 Bb5 44. Nd3 Kd6 45. Ne5 Be8 46. Kd3 a6 47. Nc4+ Kc6 48. Kc3 Kc7 49. Ne5 Kd6 50. b3 1-0

[Event "Late-Titled-Tuesday-Blitz-April-23-2024"]
[Site "Chess.com"]
[Date "2024.04.23"]
[Round "9"]
[White "stollenmonster"]
[Black "Airquake"]
[Result "1-0"]
[WhiteElo "2907"]
[BlackElo "2667"]
[TimeControl "180+1"]
[EndTime "15:46:16 PDT"]
[Termination "stollenmonster won on time"]

1. e4 c5 2. Nf3 d6 3. d4 cxd4 4. Nxd4 Nf6 5. Nc3 a6 6. a4 Qc7 7.
g3 g6 8. Bg2 Bg7 9. h3 O-O 10.
O-O Nc6 11. Nde2 Bd7 12. Nd5 Nxd5 13. exd5 Ne5 14. Ra2 b5 15. axb5 axb5 16. Rxa8 Rxa8 17. b3 Bc8 18. Nd4 Ra2 19. Be3 Qc3 20. Qb1 Rb2 21. Qa1 Bf5 22. Nc6 Nxc6 23. dxc6 h5 24. Qa8+ Kh7 25.
Qe8 Be6 26. Qxe7 d5 27. g4 hxg4 28. hxg4 Qxc6 29. Ra1 Rxc2 30. Qh4+ Kg8 31. Ra7 Qe8 32. Re7 Qd8 33. Bg5 Qc8 34. Bf6 Rc1+ 35. Bf1 d4 36.
Bxg7 Kxg7 37. g5 Qc5 38. Qh6+ 1-0

[Event "Late-Titled-Tuesday-Blitz-April-23-2024"]
[Site "Chess.com"]
[Date "2024.04.23"]
[Round "9"]
[White "nabukatnezarr"]
[Black "dretch"]
[Result "0-1"]
[WhiteElo "2617"]
[BlackElo "2911"]
[TimeControl "180+1"]
[EndTime "15:46:16 PDT"]
[Termination "dretch won on time"]

1. d4 d5 2. c4 c6 3. cxd5 cxd5 4. Bf4 Nc6 5. e3 Bf5 6. Nc3 e6 7. Nf3 Bb4 8. Bb5 Ne7 9. O-O Bg4 10. h3 Bxf3 11.
Qxf3 Qa5 12. Bxc6+ Nxc6 13. Ne2 O-O 14. Ng3 Rfc8 15. Nh5 Bf8 16. Qg4 Kh8 17. Rfc1 Qd2 18. Rab1 Qd3 19. a3 Na5 20. Be5 Qg6 21. Qe2 Nb3 22.
Rf1 Rc2 23. Qb5 Nd2 24. Nf4 Qf5 25. Qxb7 Rac8 26. Rbd1 Nxf1 27. Rxf1 Kg8 28. a4 a5 29. Rd1 h6 30. Qb6 Bb4 31. Nd3 R2c4 32. Qb7 Bf8 33. Bg3 Rc2 34. Qb5 Ra8 35. Qb7 Rcc8 36. Ne5 Qh5 0-1

[Event "Late-Titled-Tuesday-Blitz-April-23-2024"]
[Site "Chess.com"]
[Date "2024.04.23"]
[Round "9"]
[White "Jospem"]
[Black "MagnusCarlsen"]
[Result "1-0"]
[WhiteElo "3107"]
[BlackElo "3223"]
[TimeControl "180+1"]
[EndTime "15:46:19 PDT"]
[Termination "Jospem won on time"]

1. e4 a6 2. d4 c6 3. Bd3 d5 4. e5 c5 5. c3 Nc6 6. Ne2 cxd4 7.
cxd4 Bg4 8. f3 Bd7 9. Nbc3 e6 10. O-O Nge7 11. Be3 h5 12. Qd2 Rc8 13. Rac1 Qb6 14.
Bf2 g6 15. Rcd1 Bh6 16. f4 Bf8 17. Kh1 h4 18. h3 Nf5 19. Rc1 Be7 20. Rfd1 Qd8 21.
Bxf5 gxf5 22. Ng1 Qa5 23. Nf3 Na7 24. Qe3 Nb5 25. Nxb5 axb5 26. Rxc8+ Bxc8 27. a3 Bd7 28. Rc1 b4 29. Qe1 Qa4 30. axb4 Bxb4 31. Qf1 Bb5 32. Ra1 Bxf1 33. Rxa4 Bf8 34. Ra8+ Kd7 35. Bxh4 Rg8 36. Bg5 Bd3 37. Rd8+ Kc7 38. Be7 Bf1 39. Ng5 1-0

[Event "Late-Titled-Tuesday-Blitz-April-23-2024"]
[Site "Chess.com"]
[Date "2024.04.23"]
[Round "9"]
[White "xasid81"]
[Black "artin10862"]
[Result "0-1"]
[WhiteElo "2668"]
[BlackElo "2923"]
[TimeControl "180+1"]
[EndTime "15:46:21 PDT"]
[Termination "artin10862 won by resignation"]

1. d4 g6 2. Nf3 Bg7 3. Nc3 d6 4. e4 Nf6 5. h3 a6 6. a4 b6 7.
Bc4 O-O 8. Qe2 Bb7 9. e5 dxe5 10.
dxe5 Nd5 11. Bd2 Nb4 12. O-O-O Qe8 13. e6 f5 14. Bb3 b5 15. Ne5 c5 16. Nd7 c4 17. Bxc4 bxc4 18. Qxc4 N8c6 19. Nxf8 Qxf8 20.
Kb1 Rc8 21. Qb3 a5 22. Nb5 Ba6 23. c3 Nd3 24. Be3 f4 25. Rxd3 fxe3 26. Rxe3 Qxf2 27. Rd3 Qf5 28. Qc2 Nb4 29. Rd8+ Rxd8 30. Qxf5 gxf5 31.
cxb4 Bxb5 32. axb5 axb4 33. Rc1 Be5 34. Rc5 Bd6 35. Rxf5 Kg7 36. Kc2 Kg6 37. Rd5 Kf6 38.
Kb3 Kxe6 39. Rh5 Rh8 40. g4 Kd7 41. Kc4 Kc7 42. g5 Rg8 43. h4 Rg7 44. Rh6 Kb6 45. b3 Rf7 46. Kd5 Kxb5 47. Ke6 Rg7 48.
Kd7 Kc5 49. Ke8 e5 50. h5 e4 51. Re6 Rxg5 52. Rxe4 Re5+ 53. Rxe5+ Bxe5 0-1

[Event "Late-Titled-Tuesday-Blitz-April-23-2024"]
[Site "Chess.com"]
[Date "2024.04.23"]
[Round "9"]
[White "Abund"]
[Black "chucksterf10"]
[Result "1-0"]
[WhiteElo "2764"]
[BlackElo "2620"]
[TimeControl "180+1"]
[EndTime "15:46:21 PDT"]
[Termination "Abund won by resignation"]

1. e4 g6 2. d4 d5 3. exd5 Qxd5 4. Nf3 c6 5. c4 Qd8 6. h3 Nf6 7. Nc3 Bg7 8. Be2 Bf5 9. O-O O-O 10. Bf4 Ne4 11.
Nxe4 Bxe4 12. Be3 Na6 13. a3 Nc7 14. Qb3 Rb8 15. Rfd1 Qc8 16. Rac1 Rd8 17. d5 Ne8 18. Bxa7 Ra8 19. Bb6 Rd7 20. Ng5 Bf5 21. g4 h6 22.
gxf5 hxg5 23. fxg6 fxg6 24. Bg4 Nf6 25. Be6+ Kh7 26.
Qg3 Bh6 27. Re1 Qe8 28. Bxd7 Qxd7 29. Bd4 Nh5 30. Qg4 Rd8 31. Qxd7 Rxd7 32. Be5 g4 33. Rc3 gxh3 34. dxc6 bxc6 35. Rxh3 Rd2 36. b4 Ra2 37. Rb3 Bd2 38. Re2 Nf4 39. Bxf4 Ra1+ 40. Kg2 Bxf4 41. b5 cxb5 42. Rxe7+ Kh6 43. cxb5 Kg5 44. b6 Bd6 45. Rd7 Bb8 46. Rd8 Bf4 47. b7 Kf5 48. Rf8+ Ke4 49. Rxf4+ Kxf4 50. b8=Q+ 1-0

[Event "Late-Titled-Tuesday-Blitz-April-23-2024"]
[Site "Chess.com"]
[Date "2024.04.23"]
[Round "9"]
[White "ChessGiantYouTube"]
[Black "azikom"]
[Result "0-1"]
[WhiteElo "2351"]
[BlackElo "2693"]
[TimeControl "180+1"]
[EndTime "15:46:21 PDT"]
[Termination "azikom won by resignation"]

1. g3 c5 2. Bg2 Nf6 3. d3 Nc6 4. e3 h5 5. h3 d5 6. Ne2 e6 7. b3 b6 8. Bb2 Bb7 9. Nd2 Qc7 10. a3 Be7 11. f4 O-O-O 12. Nf3 Kb8 13. Qd2 Bd6 14. O-O-O Rhe8 15. Kb1 a6 16. g4 hxg4 17. hxg4 Nxg4 18. Bxg7 Nf2 19. Bf6 Rc8 20. Nc1 Nxd1 21. Rxd1 Rg8 22. Rh1 Rg6 23. Bb2 Rcg8 24. Rh8 Rxh8 25.
Bxh8 Ka7 26. Bb2 Qd8 27. Ng5 Qg8 28. Bh3 Be7 29. Ne2 Bxg5 30. fxg5 Rxg5 31. e4 dxe4 32. dxe4 Rh5 33. Nf4 Rh4 34. Qf2 Qh7 35. Qf3 Nd4 36.
Bxd4 cxd4 37. Bg2 Qh6 38. Nd3 f5 39. Qg3 Rg4 40. Qc7 Rxg2 41. Ne5 Qh1+ 42. Kb2 Rxc2+ 43. Kxc2 Qxe4+ 44. Kd2 Qe3+ 45. Kd1 Qxb3+ 46. Ke1 Qc3+ 47.
Qxc3 dxc3 48. Kd1 b5 49. Kc2 Kb6 50. Kxc3 Bd5 51. Kd4 Ka5 52. Nd3 Ka4 53. Nc5+ Kxa3 54. Nxa6 b4 55. Nc5 b3 56. Nd3 b2 57. Nxb2 Kxb2 58.
Ke5 Kc3 59. Kf4 Kd4 60. Kg5 Be4 0-1

[Event "Late-Titled-Tuesday-Blitz-April-23-2024"]
[Site "Chess.com"]
[Date "2024.04.23"]
[Round "9"]
[White "KorolDimitriy75"]
[Black "ChessSwole"]
[Result "0-1"]
[WhiteElo "2348"]
[BlackElo "2675"]
[TimeControl "180+1"]
[EndTime "15:46:21 PDT"]
[Termination "ChessSwole won on time"]

1. d4 d5 2. c4 e6 3. Nc3 Nf6 4. Bg5 Be7 5. cxd5 exd5 6. e3 c6 7. Bd3 O-O 8. Qc2 Nbd7 9. Nge2 Re8 10. f3 Nf8 11. O-O Ng6 12. Rad1 Nh5 13. Bxe7 Qxe7 14. e4 Nhf4 15. Nxf4 Nxf4 16. exd5 cxd5 17. Bxh7+ Kf8 18. Bd3 Qg5 19. Kh1 Bd7 20. Qf2 Qf6 21. Bc2 b5 22.
a3 a5 23. Bb3 Bc6 24. Rd2 b4 25.
axb4 axb4 26. Na2 Bb5 27. Rg1 Nd3 28. Qg3 Re3 29. h3 Bc4 30. Bxc4 dxc4 31. Nc1 Qxd4 32. Rgd1 Rae8 33. Kh2 Kg8 34. b3 Qc3 35. Nxd3 cxd3 36. Qd6 Qxb3 37. Rxd3 Rxd3 38. Rxd3 Qc2 39. Rd4 b3 40.
Qb4 b2 0-1

[Event "Late-Titled-Tuesday-Blitz-April-23-2024"]
[Site "Chess.com"]
[Date "2024.04.23"]
[Round "9"]
[White "Meri-Arabidze"]
[Black "mortngabriel"]
[Result "1/2-1/2"]
[WhiteElo "2670"]
[BlackElo "2470"]
[TimeControl "180+1"]
[EndTime "15:46:24 PDT"]
[Termination "Game drawn by repetition"]

1. Nf3 Nf6 2. c4 e6 3. g3 d5 4.
Bg2 Be7 5. O-O O-O 6. d4 dxc4 7. Qc2 b5 8. a4 b4 9. Ne5 Nd5 10. Nxc4 c5 11. dxc5 Bxc5 12. Nbd2 Ba6 13. Ne4 Be7 14. Rd1 Qc7 15. b3 Rc8 16. Bb2 Bxc4 17. bxc4 Qxc4 18. Qd2 Nd7 19. Rac1 Qa6 20. Qd4 N7f6 21. g4 Bf8 22.
Nxf6+ Nxf6 23. Bxa8 Rxa8 24. g5 Nd5 25. Rd2 Qxa4 26.
e4 Nf4 27. Qe3 Ng6 28. Rc7 Qa5 29. Rdd7 Qa2 30. Bd4 e5 31. Bxa7 Rxa7 32. Qxa7 Qb1+ 33.
Kg2 Nf4+ 34. Kf3 Qh1+ 35. Ke3 Qe1+ 36. Kf3 Qh1+ 37. Ke3 Qe1+ 38. Kf3 Qh1+ 1/2-1/2

[Event "Late-Titled-Tuesday-Blitz-April-23-2024"]
[Site "Chess.com"]
[Date "2024.04.23"]
[Round "9"]
[White "JoakimVonAnd"]
[Black "Msb2"]
[Result "0-1"]
[WhiteElo "2735"]
[BlackElo "3065"]
[TimeControl "180+1"]
[EndTime "15:46:27 PDT"]
[Termination "Msb2 won on time"]

1. d4 d5 2. c4 e6 3. Nc3 Bb4 4. e3 Nf6 5. a3 Bxc3+ 6. bxc3 c6 7. Bd3 e5 8. Ne2 e4 9. Bb1 O-O 10. O-O b6 11. cxd5 cxd5 12. f3 Ba6 13. Rf2 Nc6 14.
Ng3 Qe7 15. fxe4 Nxe4 16. Bxe4 dxe4 17. Qg4 g6 18. a4 f5 19. Rxf5 Rxf5 20. Nxf5 Qf6 21.
Ng3 h5 22. Qd7 h4 23. Qd5+ Kh8 24. Ba3 hxg3 25. hxg3 Re8 26. Bd6 Rd8 27. Qxc6 Qxd6 28. Qxe4 Kg7 29. a5 b5 30. Ra2 Rd7 31. Rf2 Re7 32. Qa8 Rxe3 33. Qxa7+ Re7 34. Qa8 Re1+ 35. Kh2 Re3 36. Qa7+ Kh6 37. Rf4 g5 38. Rg4 Bc8 39. Rxg5 Kxg5 40. Qg7+ Qg6 41. Qg8 Qxg8 0-1